 Dungeon Crawl Stone Soup version 0.25-a0-513-ge77a69270c (webtiles) character file.

Game seed: 10567607110041361349, levelgen mode: deterministic

11426 Error4North the Blocker (level 11, -15/97 HPs)
             Began as a Hill Orc Fighter on Feb 16, 2020.
             Was a High Priest of Okawaru.
             Killed from afar by Fannar (34 damage)
             ... with a bolt of cold
             ... on level 11 of the Dungeon.
             The game lasted 00:32:11 (9104 turns).

Error4North the Blocker (Hill Orc Fighter)          Turns: 9104, Time: 00:32:11

Health: -15/97     AC: 13    Str: 23    XL:     11   Next: 77%
Magic:  15/15      EV: 10    Int:  8    God:    Okawaru [*****.]
Gold:   580        SH: 24    Dex: 10    Spells: 15/15 levels left

rFire    . . .     SeeInvis .   a - +0 war axe
rCold    . . .     Gourm    .   k - +0 tower shield
rNeg     . . .     Faith    .   C - +0 chain mail
rPois    +         Spirit   .   (no helmet)
rElec    .         Reflect  +   (no cloak)
rCorr    .         Harm     .   (no gloves)
MR       .....                  (no boots)
Stlth    ..........             G - amulet "Nerouso" {Reflect rPois SH+4}
HPRegen  0.26/turn              (no ring)
MPRegen  0.14/turn              (no ring)

@: heroism
A: no striking features
a: Heroism, Finesse, Renounce Religion


You were on level 11 of the Dungeon.
You worshipped Okawaru.
Okawaru was extremely pleased with you.
You were not hungry.

You visited 2 branches of the dungeon, and saw 12 of its levels.

You collected 580 gold pieces.

Inventory:

Hand Weapons
 a - a +0 war axe (weapon)
 b - a +4 mace
 E - a +0 hand axe of flaming
Missiles
 D - 7 silver javelins
 F - 4 boomerangs (quivered)
Armour
 k - a +0 tower shield (worn)
 C - a +0 chain mail (worn)
Jewellery
 G - the amulet "Nerouso" (around neck) {Reflect rPois SH+4}
   (You found it on level 8 of the Dungeon)

   [amulet of reflection]

   It shields you and reflects attacks.
   It protects you from poison.
   It affects your SH (+4).
Wands
 t - a wand of enslavement (15)
 y - a wand of flame (19)
Scrolls
 e - a scroll of blinking {unknown}
 h - 6 scrolls of teleportation {unknown}
 i - 6 scrolls of remove curse {unknown}
 j - 4 scrolls of identify
 m - 2 scrolls of fog {unknown}
 o - a scroll of fear {unknown}
 p - 3 scrolls of noise {unknown}
 s - a scroll of magic mapping {unknown}
 v - a scroll of enchant armour {unknown}
 w - 2 scrolls of enchant weapon {unknown}
 z - 2 scrolls of immolation {unknown}
Potions
 c - a potion of lignification {unknown}
 d - a potion of curing
 g - 2 potions of mutation {unknown}
 l - 2 potions of haste
 n - a potion of resistance {unknown}
 q - a potion of agility
 r - a potion of ambrosia
 u - a potion of degeneration {unknown}
 A - 2 potions of flight {unknown}
 B - a potion of brilliance {unknown}
Comestibles
 f - 19 rations
 x - a chunk of flesh


   Skills:
 * Level 9.4(14.4) Fighting
 + Level 10.6(15.6) Axes
 + Level 1.0(6.0) Throwing
 * Level 8.8(13.8) Armour
 + Level 2.6(7.6) Dodging
 + Level 0.4(5.4) Stealth
 * Level 10.9(15.9) Shields
 * Level 2.9 Spellcasting
 * Level 5.3 Invocations
 * Level 5.0 Evocations


You had 15 spell levels left.
You didn't know any spells.
Your spell library contained the following spells:

 Spells                   Type           Power        Failure   Level  Hunger
 Confusing Touch          Hex            #.......     100%        3    ####...
 Gell's Gravitas          Tloc           #.........   100%        3    ####...
 Petrify                  Tmut/Erth      #.......     100%        4    #####..
 Metabolic Englaciation   Hex/Ice        #.........   100%        5    ######.
 Yara's Violent Unravell  Hex/Tmut       #.........   100%        5    ######.


Dungeon Overview and Level Annotations

Branches:
Dungeon (11/15)            Temple (1/1) D:6            Lair (0/6) D:8
    Orc: D:9-12

Altars:
Ashenzari
Cheibriados
Dithmenos
Elyvilon
Fedhas
Gozag
Hepliaklqana
Kikubaaqudgha
Makhleb
Nemelex Xobeh
Okawaru
Qazlal
Ru
Sif Muna
Trog
Uskayaw
Vehumet
Wu Jian
Xom
Yredelemnul
Zin
The Shining One

Shops:
D:8 :

Annotations:
D:11 Fannar


Message History

You slash Fannar!
Fannar is almost dead.
You slash the ice beast! You block the ice beast's attack.
You closely miss Fannar.
Fannar is almost dead.
You slash the ice beast!
You kill the ice beast!
Fannar casts a spell at you. The bolt of cold hits you!
* * * LOW HITPOINT WARNING * * *
You barely miss Fannar.
Fannar is almost dead.
Some snowflakes condense on Fannar.
Fannar mumbles some strange words.
Fannar blinks!
You hit Fannar.
Fannar is almost dead.
Fannar gestures at you while chanting. The bolt of cold hits you!!
You die...

#.##.#
#.^#.########
#..........#
#...######.#
####...###
#........#
#....(...#
#...e....#
+.<.@....#
#........#
#........#
#........#
#........#
#........#
#........#
##########


You could see Fannar.

Vanquished Creatures
  Snorg (D:10)
  A two-headed ogre (D:10)
  Urug (D:10)
  The ghost of EnegeticOcto the Cleaver, a novice DDFi of Makhleb (D:8)
  A centaur zombie (D:7)
  A troll (D:10)
  2 hornets
  A hippogriff (D:7)
  Sigmund (D:2)
  A spriggan (D:7)
  A wyvern (D:9)
  5 yaks
  2 hungry ghosts
  A water moccasin (D:7)
  2 porcupines (D:8)
  4 sky beasts
  7 ice beasts
  A necrophage (D:10)
  2 phantoms (D:8)
  7 ogres
  An eye of draining (D:11)
  6 black bears (D:8)
  2 centaurs
  A crocodile (D:8)
  7 bullfrogs
  5 scorpions
  10 killer bees
  10 wights
  9 howler monkeys
  7 crimson imps
  4 hounds
  2 jellies
  5 orc priests
  7 orc wizards
  2 centaur skeletons
  4 iguanas
  9 worker ants
  A hound zombie (D:8)
  A hound skeleton (D:6)
  A worker ant zombie (D:5)
  A howler monkey skeleton (D:5)
  7 adders
  A shadow imp (D:5)
  An ooze (D:7)
  2 adder skeletons
  2 dart slugs
  5 leopard geckos
  28 orcs
  A ball python (D:4)
  4 bats
  6 giant cockroaches
  3 goblins
  4 hobgoblins
  8 jackals
  7 quokkas
  5 frilled lizards
  A giant cockroach zombie (D:6)
  4 kobolds
  A leopard gecko skeleton (D:7)
  2 rats
  A spectral orc (D:7)
  2 fungi (D:8)
233 creatures vanquished.

Vanquished Creatures (others)
  An orc (D:10)
  28 fungi (D:8)
  A plant (D:8)
30 creatures vanquished.

Grand Total: 263 creatures vanquished

Notes
Turn   | Place    | Note
-------+----------+-------------------------------------------
     0 | D:1      | Error4North the Hill Orc Fighter began the quest for the
                  | Orb.
     0 | D:1      | Reached XP level 1. HP: 19/19 MP: 1/1
   287 | D:1      | Reached XP level 2. HP: 21/27 MP: 2/2
   954 | D:2      | Reached XP level 3. HP: 33/33 MP: 3/3
  1005 | D:2      | Noticed Sigmund
  1035 | D:2      | Killed Sigmund
  1035 | D:2      | Reached XP level 4. HP: 36/41 MP: 4/4
  1035 | D:2      | Reached XP level 5. HP: 41/47 MP: 5/5
  1086 | D:2      | You fall into a shaft and drop 1 floor!
  1219 | D:3      | Found a sacrificial altar of Ru.
  1232 | D:3      | Reached skill level 5 in Fighting
  1232 | D:3      | Reached XP level 6. HP: 56/56 MP: 6/6
  1438 | D:3      | Found a shimmering altar of Xom.
  1525 | D:3      | Reached skill level 5 in Shields
  1765 | D:4      | Reached skill level 5 in Axes
  1894 | D:4      | Reached XP level 7. HP: 61/61 MP: 7/7
  1973 | D:4      | Reached skill level 1 in Dodging
  2330 | D:5      | Entered Level 5 of the Dungeon
  2337 | D:5      | Reached skill level 5 in Armour
  2633 | D:5      | Reached XP level 8. HP: 70/70 MP: 8/8
  3360 | D:6      | Found a staircase to the Ecumenical Temple.
  3374 | Temple   | Entered the Ecumenical Temple
  3458 | Temple   | Became a worshipper of Warmaster Okawaru
  3543 | D:6      | Reached XP level 9. HP: 79/79 MP: 9/9
  3627 | D:6      | Found an opulent altar of Gozag.
  3785 | D:6      | Found a snail-covered altar of Cheibriados.
  4082 | D:6      | Found an ornate altar of the Wu Jian Council.
  4319 | D:7      | Reached * piety under Okawaru
  4336 | D:7      | Found a basalt altar of Yredelemnul.
  4682 | D:7      | Reached skill level 1 in Invocations
  4746 | D:7      | Reached skill level 1 in Evocations
  5002 | D:7      | Reached ** piety under Okawaru
  5050 | D:7      | Reached skill level 1 in Spellcasting
  5050 | D:7      | Reached XP level 10. HP: 77/88 MP: 11/11
  5060 | D:7      | Found a stormy altar of Qazlal.
  5440 | D:8      | Paralysed by a hornet for 3 turns
  5685 | D:8      | Reached *** piety under Okawaru
  5703 | D:8      | Found a staircase to the Lair.
  5792 | D:8      | Got a heavily runed iron amulet
  5804 | D:8      | Identified the amulet "Nerouso" {Reflect rPois SH+4} (You
                  | found it on level 8 of the Dungeon)
  5937 | D:8      | Found a large runed translucent door.
  5937 | D:8      | Found a large runed translucent door.
  5939 | D:8      | Noticed EnegeticOcto's ghost (novice DDFi)
  5972 | D:8      | Found Zaseck's Book Shoppe.
  6192 | D:8      | Killed EnegeticOcto's ghost
  6192 | D:8      | Reached skill level 10 in Axes
  6253 | D:9      | Reached XP level 11. HP: 89/95 MP: 14/14
  6478 | D:9      | Reached **** piety under Okawaru
  6632 | D:9      | Reached skill level 10 in Shields
  7069 | D:10     | Entered Level 10 of the Dungeon
  7069 | D:10     | Noticed Urug
  7069 | D:10     | Noticed a two-headed ogre
  7478 | D:10     | Killed a two-headed ogre
  7893 | D:10     | Killed Urug
  7893 | D:10     | Reached skill level 5 in Invocations
  7974 | D:10     | Noticed Snorg
  8006 | D:10     | Killed Snorg
  8785 | D:11     | Reached skill level 5 in Evocations
  8805 | D:10     | Reached ***** piety under Okawaru
  8805 | D:10     | Reached skill level 1 in Throwing
  9074 | D:11     | Noticed Fannar
  9104 | D:11     | Killed from afar by Fannar

Levels and vault maps discovered:
D:1:      minmay_arrival_split_and_join, layout_basic, st_stairs_14,
          minmay_misc_feat_enclosed, chequers_big_river
D:2:      layout_rooms, first_ration, minivault_24, uniq_sigmund, uniq_jessica
D:3:      layout_basic, nicolae_ru_great_annihilating_truth, led_xom_imps
D:4:      wander_river, layout_loops_ring
D:5:      layout_rooms
D:6:      lemuel_upstairs_altar, layout_loops_ring,
          nicolae_overflow_hidden_temple, grunt_gozag_breadcrumbs,
          minmay_temple_entry_arrows, minmay_fountain_box,
          kennysheep_slug_shrine
D:7:      layout_loops_corners, nicolae_overflow_crystal_walls,
          yredelemnul_forgotten_temple_becter,
          eino_small_chamber_without_monster, the_bakery
D:8:      layout_loops_cross, due_lair_maze_entry_diamond,
          ebering_ghost_disaster_area, serial_shops, nicolae_shop_statue_plus,
          feat_on_display
D:9:      layout_cave_pods
D:10:     layout_loops_ring, uniq_urug, uniq_snorg
D:11:     layout_basic, kennysheep_orc_monster_closet_entryway,
          kennysheep_windowed_goal, uniq_fannar
Temple:   regret_index_temple_sphere_string

Skill      XL: |  1  2  3  4  5  6  7  8  9 10 11 |
---------------+----------------------------------+-----
Fighting       | 4 5 7 8 9 |  9.4
Axes           | 4 5 6 7 8 10 | 10.6
Armour         | 4 5 6 7 8 |  8.8
Shields        | 4 5 6 7 8 9 10 | 10.9
Dodging        | 1 2 |  2.6
Invocations    | 2 4 5 |  5.3
Evocations     | 1 4 5 |  5.0
Spellcasting   | 1 2 |  2.9
Throwing       | 1 |  1.0
Stealth        | |  0.4

Action                   |  1- 3 |  4- 6 |  7- 9 | 10-12 || total
-------------------------+-------+-------+-------+-------++-------
Melee: War axe           |    70 |   111 |   383 |   554 ||  1118
Throw: Boomerang         |       |       |       |     8 ||     8
Invok: Heroism           |       |       |       |    11 ||    11
  Use: Potion            |     1 |       |     3 |     4 ||     8
       Scroll            |       |       |     2 |     1 ||     3
 Stab: Paralysed         |       |     1 |       |       ||     1
  Eat: Chunk             |       |     3 |    10 |    12 ||    25
       Ration            |       |       |     1 |     1 ||     2
Armor: Scale mail        |    37 |    29 |    74 |       ||   140
       Chain mail        |       |       |    46 |   154 ||   200
Dodge: Dodged            |    20 |    17 |    49 |    82 ||   168
Block: Kite shield       |     5 |       |       |       ||     5
       Tower shield      |    39 |    82 |   265 |   629 ||  1015
       Reflection        |       |       |       |     3 ||     3

Table legend:
 A = Non-vault XP
 B = Vault XP
 C = Vault XP percentage of total XP
 D = Non-vault monster count
 E = Vault monster count
 F = Vault count percentage of total count
                 A         B        C        D         E       F
            +---------+---------+-------+---------+---------+-------
      Total |   11782 |    4541 |  27.8 |     207 |      25 |  10.8
            +---------+---------+-------+---------+---------+-------
        D:1 |      27 |       2 |   6.9 |      15 |       1 |   6.2
        D:2 |      17 |     227 |  93.0 |       4 |       1 |  20.0
        D:3 |      31 |     239 |  88.5 |      15 |       8 |  34.8
        D:4 |     259 |       0 |   0.0 |      16 |       0 |   0.0
        D:5 |     713 |       0 |   0.0 |      20 |       0 |   0.0
        D:6 |    1344 |       4 |   0.3 |      24 |       1 |   4.0
        D:7 |    2168 |     216 |   9.1 |      26 |       2 |   7.1
        D:8 |    1968 |    1921 |  49.4 |      31 |      10 |  24.4
        D:9 |     867 |       0 |   0.0 |      11 |       0 |   0.0
       D:10 |    3546 |    1932 |  35.3 |      38 |       2 |   5.0
       D:11 |     842 |       0 |   0.0 |       7 |       0 |   0.0
            +---------+---------+-------+---------+---------+-------
